AoeStats
← 10GS | Irænko

Arabia

509764359Analyzed
1v1 RM · 5d ago on Sep 27, 2026· 40m 35s· 2 players
Game mode
Random Map
Map size
Tiny (2 player)
Population
200
Speed
Normal
Resources
Standard
Victory
Conquest
Starting age
Dark Age
Ending age
Imperial Age
RankedLock teamsTeams togetherTeam positionsShared explorationLock speedFull tech treeHidden civsTurbo modeCheats
Victory
Defeat
🇨🇱 Mapuche · Chile
969
+15
🇺🇸 Teutons · United States
951
-15
uina99
3:42 Loom
10:51 Feudal Age
13:00 Town Watch
13:57 Horse Collar
16:11 Forging
17:24 Wheelbarrow
16:50 Double-Bit Axe
18:07 Gold Mining
18:18 Arson
18:38 Man-at-Arms
20:29 Scale Mail Armor
20:31 Fletching
21:42 Stone Mining
26:30 Castle Age
25:25 Padded Archer Armor
25:31 Scale Barding Armor
27:48 Iron Casting
27:59 Hand Cart
27:20 Long Swordsman
28:02 Squires
29:11 Town Patrol
30:35 Bloodlines
31:39 Chain Mail Armor
31:23 Elite Skirmisher
32:25 Bodkin Arrow
33:31 Stone Shaft Mining
34:38 Chain Barding Armor
34:34 Leather Archer Armor
34:53 Pikeman
41:40 Imperial Age
10GS | Irænko
3:24 Loom
9:34 Feudal Age
10:14 Town Watch
10:18 Double-Bit Axe
11:36 Champi Runner
12:43 Arson
14:22 Wheelbarrow
14:43 Forging
20:11 Scale Mail Armor
23:16 Castle Age
23:00 Horse Collar
23:16 Gold Mining
25:02 Iron Casting
25:34 Bow Saw
25:27 Heavy Plow
24:59 Pikeman
26:26 Gold Shaft Mining
25:43 Stone Mining
26:32 Chain Mail Armor
28:18 Stone Shaft Mining
27:23 Pikeman
29:36 Town Patrol
33:13 Champi Warrior
35:16 Hand Cart
36:18 Fletching
37:52 Ballistics
37:29 Murder Holes
Connection lost

Rejoining the realm…

Still unreachable

The connection could not be restored.

Session expired

The server has moved on; the page needs a fresh start.